Horatio, neutral male human Tourist | ----------- |.?.. .........<.# ---- -------- -+-+ |.........|#####i@u%`%........`. ...........# |.....`.....| --------|--### ...- --- .| ..| | .`| .| .- . . -- Horatio the Sightseer Experience level: 4 Strength: 14 Dexterity: 14 Constitution: 15 Intelligence: 13 Wisdom: 8 Charisma: 12 Health: 0(34) Energy: 8(12) Def: 1 Gold: 1505 Moves: 2115 Dungeon seed: kA41B7D8FHk76t0R Game ID: Horatio_1498391450 Your Inventory: Coins $ - 1505 gold pieces Amulets G - an uncursed amulet versus poison (being worn) Weapons c - 15 blessed +2 darts (in quiver) u - an uncursed +0 orcish dagger v - an uncursed +0 dagger x - 12 uncursed +1 darts Armor e - an uncursed +0 Hawaiian shirt (being worn) A - an uncursed +0 orcish helm (being worn) Comestibles a - an uncursed tin of kobold meat d - 4 uncursed food rations f - an uncursed pile of horse doots g - 3 uncursed tripe rations H - an uncursed egg Tools b - an uncursed large box k - an uncursed credit card l - an uncursed expensive camera (0:45) m - an uncursed leash n - an uncursed magic marker (0:89) p - an uncursed towel B - an uncursed credit card Gems r - an uncursed worthless piece of red glass Y - an uncursed garnet stone Contents of the large box: an uncursed scroll of enchant armor a cursed potion of fruit juice an uncursed potion of sickness an uncursed potion of water Spells and supernatural/magical abilities: Name Level Category Fail Memory h - healing 1 healing 50% 91% U - detect unseen 3 divination 100% 95% W - pray for help -- divine ? -- Your skills at the end: Fighting Skills wands [Basic] Weapon Skills dart [Basic] Spellcasting Skills Final Attributes: You were piously aligned. You were poison resistant. You are dead. Vanquished creatures: a shrieker a golden naga hatchling a giant ant 2 homunculi a kobold lord a kobold shaman 3 iguanas a hobbit a large kobold a giant rat 3 cave spiders a brown mold a yellow mold 2 geckos 2 jackals a fox 5 goblins 4 sewer rats 5 grid bugs 3 lichens 3 newts 43 creatures vanquished. Voluntary challenges: You were an atheist. You never hit with a wielded weapon. You read items or engraved 15 times, starting on turn 94. You never genocided any monsters. You never polymorphed an object. You never changed form. You used no wishes. You never split a pudding. You never wrote Elbereth's name. You never violated your personal moral code. Dungeon overview: The Dungeons of Doom: levels 1 to 7 Level 1 a long staircase Level 2 a general store, a fountain Level 3 a fountain stairs to The Gnomish Mines Level 4 a general store Level 5 Level 6 a fountain Level 7 <- You were here The Gnomish Mines: Level 4 stairs to The Dungeons of Doom History has recorded: On T:1 you entered the Dungeons of Doom to retrieve the Amulet of Yendor! On T:55 you reached level 2 of The Dungeons of Doom. On T:234 you reached level 3 of The Dungeons of Doom. On T:235 you advanced to experience level 2. On T:568 you advanced to experience level 3. On T:689 you reached level 4 of The Dungeons of Doom. On T:766 you reached level 1 of The Gnomish Mines. On T:1144 you reached level 5 of The Dungeons of Doom. On T:1164 you advanced to experience level 4. On T:1408 you reached level 6 of The Dungeons of Doom. On T:1832 you reached level 7 of The Dungeons of Doom. Score breakdown: Gold: 574 ( 9387 points) Experience: 4 levels ( 9649 points) Exploration: 7 levels ( 15.22%) (10954 points) Discoveries: 4 items ( 1.33%) ( 3458 points) Valuables value: (no points given unless you survive) Artifact value: 0 ( 0 points) Variety of kills: 21 monsters ( 5.48%) ( 7024 points) Turncount: 2115 turns ( -83 points) Survival: died (score multiplied by 80%) Total score: 32311 Latest messages: The homunculus looks fully healed The golden naga hatchling misses Descartes. The dart hits the homunculus! Descartes hits the golden naga hatchling. Descartes bites the golden naga hatchling. The golden naga hatchling is killed! The homunculus bites! You are put to sleep by the homunculus! Descartes picks up a golden naga hatchling corpse. The homunculus bites! Descartes drops a golden naga hatchling corpse. The homunculus bites! (6x) The iguana is killed! The homunculus bites! You wake up. You fail to cast the spell correctly. The homunculus bites! You fail to cast the spell correctly. The homunculus bites! You are put to sleep by the homunculus! The homunculus bites! (2x) You die... Final status: Aloha Horatio the Tourist, killed by a homunculus, while sleeping... You died in The Dungeons of Doom on dungeon level 7 with 32311 points, and 1505 pieces of gold, after 2115 moves. You were level 4 with a maximum of 34 hit points when you died.